Map: Deathaura LE

Players

InfinitBlack

  • Race: Protoss Protoss
  • League: Silver
  • Spawn Location: 11:00

Throwfordays - Winner!

  • Race: Protoss Protoss
  • League: Silver
  • Spawn Location: 5:00

VOD

Have the link to the VOD?

Description

Time

  • Played on: July 18, 2020, 2:25 a.m.
  • Length: 2:40
Show
View Real Time Build Order
Export as new Build Order

InfinitBlack Protoss 

Build Orders: 1 Gate Expand 

Get SALT Encoding   

  12  0:01  Probe  
  13  0:13  Probe  
  14  0:18  Pylon  
  14  0:21  Probe  
  15  0:32  Probe  
  15  0:37  Gateway  
  16  0:45  Assimilator  
  16  0:49  Probe  
  17  1:01  Probe  
  18  1:13  Probe  
  19  1:24  Nexus  
  19  1:25  Probe  
  19  1:42  Forge  
  19  1:54  Probe  
  20  1:59  Cybernetics Core  
  20  2:06  Probe  
  20  2:07  Pylon  
  21  2:18  Pylon, Probe  
  22  2:23  Pylon  
  24  2:32  Gateway  
  24  2:33  Gateway  
Show
View Real Time Build Order
Export as new Build Order

Throwfordays Protoss - Winner!

Build Orders: Cannon Rush 

Get SALT Encoding   

  12  0:09  Probe  
  12  0:11  Pylon  
  13  0:29  Forge  
  13  0:32  Probe  
  14  0:45  Pylon  
  14  0:49  Probe  
  15  1:01  Probe  
  16  1:07  Photon Cannon  
  16  1:22  Photon Cannon  
  16  1:30  Pylon  
  16  1:48  Photon Cannon  
  16  1:51  Photon Cannon  
  16  1:53  Photon Cannon  
  16  2:00  Pylon  
  16  2:08  Pylon  
  16  2:15  Pylon  
  16  2:27  Photon Cannon  
  16  2:36  Photon Cannon  
Tags
 
Add a new tag
Caveats
  • Supply blocks, unpowered buildings, or Contaminate may cause inaccurate times.
  • Supply counts are checked every 10 seconds.